 Dungeon Crawl Stone Soup version 0.30.0-29-ga12c61a403 (webtiles) character file.

Game seed: 12368291846977337800

8731 Kranky the Fighter (level 11, -24/102 HPs)
             Began as a Minotaur Berserker on June 18, 2023.
             Was a High Priest of Trog.
             Annihilated by an enormous slime creature (39 damage)
             ... on level 12 of the Dungeon.
             The game lasted 00:19:36 (11662 turns).

Kranky the Fighter (Minotaur Berserker)            Turns: 11662, Time: 00:19:37

Health: -24/102    AC: 14    Str: 25    XL:     11   Next: 13%
Magic:  10/10      EV: 10    Int:  4    God:    Trog [*****.]
Gold:   824        SH:  0    Dex: 11    Spells: 10/10 levels left

rFire   . . .        L - +2 spear (freeze)
rCold   . . .        (no shield)
rNeg    . . .        j - +0 plate armour
rPois   .            (helmet restricted)
rElec   .            (no cloak)
rCorr   +            (no gloves)
SInv    .            (no boots)
Will    .....        (no amulet) Stlth
                     D - ring of resist corrosion
HPRegen 0.37/turn    (no ring)
MPRegen 0.12/turn

%: no passive effects
@: no status effects
A: horns 2, retaliatory headbutt
a: Renounce Religion, Berserk, Trog's Hand, Brothers in Arms


You were on level 12 of the Dungeon.
You worshipped Trog.
Trog was extremely pleased with you.
You visited 1 branch of the dungeon, and saw 12 of its levels.
You also visited: Sewer.

You collected 824 gold pieces.

Inventory:

Hand Weapons
 a - a +0 spear
 L - a +2 spear of freezing (weapon)
Missiles
 r - 23 poisoned darts (quivered)
Armour
 b - a +0 animal skin
 j - a +0 plate armour (worn)
Jewellery
 D - a ring of resist corrosion (left hand)
 F - a ring of magical power
 H - a ring of protection from fire
Wands
 k - a wand of charming (4)
 m - a wand of roots (16)
 B - a wand of mindburst (15)
 M - a wand of flame (18)
Scrolls
 d - a scroll of noise {unknown}
 e - 2 scrolls of amnesia {unknown}
 i - 11 scrolls of identify {unknown}
 n - 3 scrolls of summoning {unknown}
 o - 3 scrolls of brand weapon {unknown}
 p - 8 scrolls of teleportation {unknown}
 q - 4 scrolls of poison {unknown}
 u - 5 scrolls of enchant armour {unknown}
 w - a scroll of torment {unknown}
 x - 4 scrolls of blinking {unknown}
 y - 2 scrolls of fear {unknown}
 A - 4 scrolls of immolation {unknown}
 C - a scroll of fog {unknown}
 G - a scroll of enchant weapon {unknown}
 J - 2 scrolls of silence {unknown}
 K - a scroll of vulnerability {unknown}
 N - a scroll of magic mapping {unknown}
Potions
 c - 3 potions of attraction {unknown}
 f - 9 potions of curing {unknown}
 g - 4 potions of flight {unknown}
 h - 5 potions of heal wounds {unknown}
 l - 3 potions of might {unknown}
 s - a potion of magic {unknown}
 t - 2 potions of mutation {unknown}
 v - 4 potions of resistance {unknown}
 z - 2 potions of lignification {unknown}
 E - a potion of haste {unknown}
 I - 2 potions of degeneration {unknown}
 P - a potion of invisibility {unknown}
Miscellaneous
 O - a box of beasts


   Skills:
 + Level 11.0 Fighting
 + Level 11.0 Polearms
 + Level 10.7 Armour
 + Level 9.7 Dodging
 + Level 1.5 Evocations


You had 10 spell levels left.
You didn't know any spells.
Your spell library was empty.

Dungeon Overview and Level Annotations

Branches:
Dungeon (12/15)            Temple (0/1) D:7            Lair (0/5) D:10
    Orc (0/2) D:10          Sewer (visited)

Altars:
Dithmenos
Qazlal

Annotations:
D:3 Sigmund


Innate Abilities, Weirdness & Mutations

You have a pair of horns on your head.
You reflexively headbutt those who attack you in melee.


Message History

The very large slime creature misses you.
The slime creature hits you but does no damage.
The slime creature hits you!
You hit the very large slime creature.
You freeze the very large slime creature.
You headbutt the very large slime creature.
The very large slime creature is heavily wounded.
You hit the very large slime creature.
You freeze the very large slime creature.
You headbutt the very large slime creature!
The very large slime creature is severely wounded.
The slime creature hits you but does no damage.
The very large slime creature hits you!!!
The slime creature closely misses you. You furiously retaliate!
You headbutt the slime creature!
You hear a bellow!
You hear a chilling moan.
You hear a roar!
Two slime creatures merge to form an enormous slime creature.
The slime creature hits you!
* * * LOW HITPOINT WARNING * * *
There is a stone staircase leading up, spattered with blood here.
The slime creature attacks as you move away!
The slime creature hits you.
* * * LOW HITPOINT WARNING * * *
You hit the slime creature. You freeze the slime creature.
Your punch misses the slime creature.
The slime creature is moderately wounded.
You puncture the slime creature! You freeze the slime creature.
The slime creature is heavily wounded.
The slime creature hits you.
* * * LOW HITPOINT WARNING * * *
You barely miss the slime creature.
The slime creature is heavily wounded.
You puncture the slime creature! You freeze the slime creature.
The slime creature is severely wounded.
The slime creature hits you.
* * * LOW HITPOINT WARNING * * *
The enormous slime creature attacks as you move away!
The enormous slime creature hits you!!!
You die...

##..##############
........<.J@.....#
.....$....J......#
......##########.#
.$.... ..... ##...
#.. #..


You could see an enormous slime creature and a slime creature.

Vanquished Creatures
  A two-headed ogre (D:11)
  A manticore (D:11)
  An unseen horror (D:11)
  A komodo dragon (D:10)
  2 trolls (D:10)
  2 hornets
  2 wraiths
  9 yaks
  2 steam dragons
  Menkaure (D:4)
  A warg (D:10)
  An acid dragon (D:11)
  2 water moccasins
  2 orc warriors (D:10)
  6 sky beasts
  A black bear (D:6)
  2 ogres
  An ice beast (D:7)
  A centaur (D:9)
  A phantom (D:6)
  3 kobold brigands
  4 bullfrogs
  A scorpion (D:6)
  4 wights (D:8)
  10 killer bees
  10 howler monkeys
  3 jellies
  5 hounds
  A gnoll bouda (D:5)
  7 orc priests
  3 sleepcaps
  6 iguanas
  5 orc wizards
  16 adders
  9 gnolls
  6 river rats
  A shadow imp (D:7)
  3 white imps
  An ufetubus (D:4)
  3 dart slugs (D:1)
  27 orcs
  19 ball pythons
  6 bats
  5 endoplasms
  3 giant cockroaches
  12 hobgoblins
  A jackal (D:2)
  4 quokkas
  5 frilled lizards
  6 goblins
  17 kobolds
  23 rats
269 creatures vanquished.

Notes
Turn   | Place    | Note
-------+----------+-------------------------------------------
     0 | D:1      | Kranky the Minotaur Berserker began the quest for the Orb.
     0 | D:1      | Reached XP level 1. HP: 19/19 MP: 0/0
    23 | D:1      | Reached XP level 2. HP: 17/27 MP: 1/1
   309 | D:1      | Reached XP level 3. HP: 25/33 MP: 2/2
   463 | D:1      | Found a faded altar of an unknown god.
   671 | D:1      | Reached ** piety under Trog
   903 | D:2      | You fall into a shaft and drop 2 floors!
   979 | D:3      | Noticed Sigmund
  1005 | D:4      | Reached XP level 4. HP: 34/41 MP: 3/3
  1279 | D:4      | Reached XP level 5. HP: 47/47 MP: 4/4
  1289 | D:4      | Noticed Menkaure
  1297 | D:4      | Killed Menkaure
  1298 | D:4      | Reached skill level 5 in Fighting
  1298 | D:4      | Reached skill level 5 in Polearms
  1298 | D:4      | Reached XP level 6. HP: 35/56 MP: 5/5
  1303 | D:4      | Found a glowing drain.
  1332 | Sewer    | Entered a sewer
  1573 | Sewer    | Reached *** piety under Trog
  1905 | Sewer    | HP: 1/56 [bullfrog (7)]
  1910 | Sewer    | Reached skill level 5 in Armour
  1913 | Sewer    | Reached XP level 7. HP: 8/62 MP: 6/6
  2401 | D:5      | Entered Level 5 of the Dungeon
  2877 | D:2      | Found a stormy altar of Qazlal.
  3664 | D:5      | Reached **** piety under Trog
  3762 | D:5      | Reached skill level 5 in Dodging
  4376 | D:5      | Reached XP level 8. HP: 64/71 MP: 7/7
  5983 | D:7      | Reached XP level 9. HP: 42/81 MP: 8/8
  6576 | D:7      | Found a shadowy altar of Dithmenos.
  6766 | D:7      | Found a staircase to the Ecumenical Temple.
  7944 | D:8      | Paralysed by a hornet for 3 turns
  8386 | D:9      | Reached XP level 10. HP: 91/91 MP: 9/9
  8544 | D:9      | Reached ***** piety under Trog
  8819 | D:9      | Reached skill level 10 in Fighting
  8819 | D:9      | Reached skill level 10 in Polearms
  9155 | D:10     | Entered Level 10 of the Dungeon
  9622 | D:10     | Reached skill level 10 in Armour
  9639 | D:10     | Found a staircase to the Orcish Mines.
 10040 | D:10     | Found a staircase to the Lair.
 10797 | D:11     | Noticed a manticore
 10808 | D:11     | Killed a manticore
 10873 | D:11     | Found a shadowy altar of Dithmenos.
 10956 | D:11     | Reached XP level 11. HP: 75/101 MP: 10/10
 11268 | D:11     | Reached skill level 1 in Evocations
 11568 | D:11     | Noticed a two-headed ogre
 11576 | D:11     | Killed a two-headed ogre
 11662 | D:12     | Annihilated by an enormous slime creature

Illustrated notes

Levels and vault maps discovered:
D:1:      amcnicky_arrival_wind_blow, layout_loops_ring,
          shapermc_ecumenical_altar_venn, minmay_pentomino_x2
D:2:      layout_rooms, basic_altar, minmay_fractal_squares_5
D:3:      layout_rooms, kennysheep_generic_room_5, uniq_sigmund
D:4:      layout_rooms, portal_sewer_entry_b, serial_curves, eino_curves_04,
          eino_curves_03, hangedman_decor_growths, kennysheep_flooded_box,
          chequers_serial_rivers_room_b, uniq_menkaure
D:5:      layout_gridville, dk_noncrumbling_3, chequers_serial_rivers_micro_d,
          kennysheep_path_1
D:6:      layout_gridville
D:7:      layout_basic, mainiacjoe_overflow_catwalk,
          minmay_temple_entry_poolview, sigmund_army
D:8:      layout_loops_cross
D:9:      layout_long_grid
D:10:     layout_loops_corners, david_lair_shrubbed, erik_orc_4,
          kennysheep_small_circle
D:11:     layout_basic, grunt_dithmenos_smoke
D:12:     layout_long_grid, serial_demonic, serial_demonic_a, serial_demonic_b,
          serial_demonic_c, serial_demonic_e, serial_demonic_g,
          serial_demonic_e, serial_demonic_b, serial_demonic_g,
          cheibrodos_worm_habitat, uniq_snorg

Skill      XL: |  1  2  3  4  5  6  7  8  9 10 11 |
---------------+----------------------------------+-----
Polearms       | 4 5 6 8 9 10 11 | 11.0
Fighting       | 4 5 6 8 9 10 11 | 11.0
Armour         | 3 4 5 6 7 9 10 | 10.7
Dodging        | 3 4 5 6 8 9 |  9.7
Evocations     | 1 |  1.5

Action                     |  1- 3 |  4- 6 |  7- 9 | 10-12 || total
---------------------------+-------+-------+-------+-------++-------
  Melee: Spear             |   112 |   150 |   587 |   357 ||  1206
         Headbutt          |     9 |    19 |    92 |    66 ||   186
         Punch             |     1 |     1 |     9 |     8 ||    19
 Invoke: Berserk           |       |     2 |       |       ||     2
         Trog's Hand       |       |     1 |       |       ||     1
  Evoke: Wand              |       |       |     3 |       ||     3
   Stab: Sleeping          |     1 |       |       |       ||     1
 Armour: Animal skin       |     7 |       |       |       ||     7
         Plate armour      |    12 |    89 |   236 |   126 ||   463
  Dodge: Dodged            |    33 |    54 |   151 |    82 ||   320
